 Dungeon Crawl Stone Soup version 0.28-a0-724-g66f9036eb4 (webtiles) character file.

Game seed: 9291546590925234093

495 voltaire321 the Ducker (level 7, -4/52 HPs)
             Began as a Merfolk Artificer on Oct 26, 2021.
             Killed by divine providence
             ... invoked by an orc priest
              (14 damage)
             ... on level 4 of the Dungeon.
             The game lasted 00:12:24 (4838 turns).

voltaire321 the Ducker (Merfolk Artificer)          Turns: 4838, Time: 00:12:25

Health: -4/52      AC:  6    Str: 19    XL:     7   Next: 15%
Magic:  7/7        EV: 14    Int: 23    God:
Gold:   87         SH:  0    Dex: 16    Spells: 6/6 levels left

rFire   . . .      SeeInvis .   t - +6 dagger "Newt's Demise" {vorpal, Int+7}
rCold   + . .      Faith    .   (no shield)
rNeg    . . .      Spirit   .   o - +1 leather armour {rC+}
rPois   .          Reflect  .   g - +0 helmet
rElec   .          Harm     .   (no cloak)
rCorr   .          Rampage  .   m - +0 pair of gloves
Will    .....                   (no boots)
Stlth   ++........              l - amulet of magic regeneration
HPRegen 0.17/turn               r - +6 ring of intelligence
MPRegen 0.35/turn               q - +6 ring of strength

@: no status effects
A: (nimble swimmer 2), mertail
a: no special abilities


You were on level 4 of the Dungeon.
You visited 1 branch of the dungeon, and saw 4 of its levels.

You collected 87 gold pieces.

Inventory:

Hand Weapons
 k - a +0 whip of holy wrath
 t - the +6 dagger "Newt's Demise" (weapon) {vorpal, Int+7}
   (You found it on level 4 of the Dungeon)

   It inflicts extra damage upon your enemies.
   Int:       It affects your intelligence (+7).
Missiles
 b - 2 curare-tipped darts
 f - 26 poisoned darts
Armour
 g - a +0 helmet (worn)
 m - a +0 pair of gloves (worn)
 o - a +1 leather armour of cold resistance (worn)
Jewellery
 l - an amulet of magic regeneration (around neck)
 p - a ring of magical power
 q - a +6 ring of strength (right hand)
 r - a +6 ring of intelligence (left hand)
 s - a ring of flight
Wands
 c - a wand of flame (15) (quivered)
 d - a wand of charming (15)
Scrolls
 a - a scroll of silence {unknown}
 i - a scroll of enchant weapon {unknown}
 j - a scroll of teleportation {unknown}
 n - 2 scrolls of identify {unknown}
Potions
 h - a potion of haste {unknown}
Miscellaneous
 e - a piece from Xom's chessboard (15/15)


   Skills:
 + Level 3.6 Fighting
 + Level 2.3 Armour
 + Level 4.9 Dodging
 + Level 3.8 Stealth
 + Level 4.4 Evocations


You had 6 spell levels left.
You didn't know any spells.
Your spell library was empty.

Dungeon Overview and Level Annotations

Branches:
Dungeon (4/15)
 Temple: D:4-7

Altars:
Vehumet

Shops:
D:2 *   D:3 [

Annotations:
D:3 2 transporters, snackwell's ghost, novice OpFE


Innate Abilities, Weirdness & Mutations

((You are quick and stealthy near water. (Stealth+, EV+, Speed+++)))
Your lower body shifts to a powerful aquatic tail in water.


Message History

There is an open door here.
There is an open door, spattered with blood here.
Items here: ))) ÷÷÷÷.
You open the door.
There is an open door here.
An orc priest comes into view. It is wielding a +0 falchion.
An orc priest comes into view. It is wielding a +0 short sword.
The orc priest shouts!
The orc priest calls down the wrath of Beogh upon you.
Beogh smites you!
A black bear comes into view.
The black bear growls angrily.
The orc priest shouts!
An adder comes into view.
An orc comes into view. It is wielding a +0 hand axe.
An orc comes into view. It is wielding a +0 dagger.
An orc wizard comes into view. It is wielding a +1 dagger of venom.
The orc priest calls down the wrath of Beogh upon you.
Beogh smites you!
The orc wizard shouts!
The black bear bites you.
The black bear claws you but does no damage.
The black bear misses you.
There is an open door here.
You hit the adder.
The adder is heavily wounded.
The adder barely misses you.
The orc priest mumbles some strange prayers to Beogh against you.
Beogh smites you!
* * * LOW HITPOINT WARNING * * *
The orc hits you with a +0 hand axe.
* * * LOW HITPOINT WARNING * * *
The adder misses you.
You closely miss the adder.
The adder is heavily wounded.
The adder bites you but does no damage. The orc misses you.
The adder closely misses you.
The orc priest calls down the wrath of Beogh upon you.
Beogh smites you!
You die...

..................#+####.....#
..................#....#.....#
..................#....#.....#
..................#....#.....#
*#................#....#.....#
*#.....)..........#....#.....#
*##..###)##########....#..†..#
**##.#..).....o..#####'#.....#
** #.'...o.o..S.@......#.....#
,* #.#.................#.....#
,* #.#...##......##....'.....#
,*##o#...##..)...##....#..<..#
###.h#...........#.<...#.....#
....o#...........##....#.....#
....o#...........##....#.....#
...o.+.................#.....#
.....##############....#.....#


You could see an orc priest, an adder and 2 orcs.

Vanquished Creatures
  A necrophage (D:3)
  A kobold brigand (D:4)
  A jelly (D:4)
  2 orc priests
  Jessica (D:2)
  Terence (D:1)
  2 iguanas (D:4)
  4 adders
  A worm (D:3)
  6 dart slugs
  11 orcs
  7 ball pythons
  6 endoplasms
  5 giant cockroaches
  4 goblins
  4 hobgoblins
  5 jackals (D:1)
  2 quokkas (D:2)
  11 bats
  A frilled lizard (D:2)
  7 kobolds
  3 rats
86 creatures vanquished.

Notes
Turn   | Place    | Note
-------+----------+-------------------------------------------
     0 | D:1      | voltaire321 the Merfolk Artificer began the quest for the
                  | Orb.
     0 | D:1      | Reached XP level 1. HP: 15/15 MP: 1/1
   372 | D:1      | Reached XP level 2. HP: 21/21 MP: 2/2
   694 | D:1      | Reached skill level 1 in Armour
   795 | D:1      | Reached XP level 3. HP: 1/19 MP: 3/3
  1513 | D:2      | Noticed Terence
  1538 | D:1      | Killed Terence
  1539 | D:1      | Reached XP level 4. HP: 9/29 MP: 4/4
  1792 | D:2      | Noticed Jessica
  1799 | D:2      | Killed Jessica
  1978 | D:2      | Found Faijyhir's General Store.
  2172 | D:2      | Reached XP level 5. HP: 23/39 MP: 5/5
  2858 | D:3      | Found a transporter.
  2873 | D:3      | Noticed a necrophage
  2889 | D:3      | Killed a necrophage
  2890 | D:3      | Reached XP level 6. HP: 33/46 MP: 6/6
  2925 | D:3      | Noticed snackwell's ghost (novice OpFE)
  3017 | D:3      | Found a transporter.
  3299 | D:3      | Found Zegurph's Armour Shoppe.
  4316 | D:4      | Identified the +6 dagger "Newt's Demise" {vorpal, Int+7}
  4340 | D:4      | Found a radiant altar of Vehumet.
  4567 | D:4      | Reached XP level 7. HP: 28/52 MP: 7/7
  4838 | D:4      | Killed from afar by an orc priest

Illustrated notes

Levels and vault maps discovered:
D:1:      minmay_arrival_glassed_features, layout_loops_ring
D:2:      layout_rooms, serial_shops, nicolae_shop_crystal, uniq_terence,
          uniq_jessica
D:3:      layout_basic, serial_shops, shop, gammafunk_ghost_arena
D:4:      layout_gridville, nicolae_vehumet_altar_sigil, zin_treasury

Skill      XL: |  1  2  3  4  5  6 |
---------------+-------------------+-----
Dodging        | 3 4 |  4.9
Armour         | 1 2 |  2.3
Fighting       | 2 3 |  3.6
Stealth        | 2 3 |  3.8
Evocations     | 4 |  4.4

Action                   |  1- 3 |  4- 6 |  7- 9 || total
-------------------------+-------+-------+-------++-------
Melee: Whip              |    73 |     6 |       ||    79
       Dagger            |    38 |   199 |    18 ||   255
  Use: Scroll            |       |     3 |       ||     3
 Stab: Sleeping          |     1 |     3 |       ||     4
Armor: Ring mail         |    58 |    70 |       ||   128
       Leather armour    |     3 |    27 |     7 ||    37
Dodge: Dodged            |    83 |   147 |    14 ||   244

Table legend: (Time is in decaauts)
 A = Elapsed time spent in this place.
 B = Non-inter-level travel time spent in this place.
 C = Inter-level travel time spent in this place.
 D = Time resting spent in this place.
 E = Time spent auto-exploring this place.
 F = Levels seen in this place.
 G = Mean time per level.
                   A        B        C        D        E       F      G
               +--------+--------+--------+--------+--------+-----+--------+
         Total |   4842 |   4761 |     81 |   1561 |   2099 |   4 | 1210.5 |
       Dungeon |   4842 |   4761 |     81 |   1561 |   2099 |   4 | 1210.5 |
               +--------+--------+--------+--------+--------+-----+--------+

Top non-repeatable levels by time:
     D:1: 1910 daAuts
     D:4: 1068 daAuts
     D:3: 983 daAuts
     D:2: 880 daAuts
